 Dungeon Crawl Stone Soup version 0.25-a0-10-g2fe12d4386 (webtiles) character file.

Game seed: 1655080074546405729, levelgen mode: deterministic

92 Mattoad the Cudgeler (level 4, 0/39 HPs)
             Began as a Minotaur Berserker on Oct 15, 2019.
             Was a Believer of Trog.
             Slain by a gnoll
             ... wielding a +0 spear
              (9 damage)
             ... on level 2 of the Dungeon.
             The game lasted 00:04:11 (1839 turns).

Mattoad the Cudgeler (Minotaur Berserker)           Turns: 1839, Time: 00:04:12

Health: 0/39       AC:  2    Str: 21    XL:     4   Next: 35%
Magic:  3/3        EV: 12    Int:  4    God:    Trog [**....]
Gold:   61         SH:  0    Dex: 11    Spells: 3/3 levels left

rFire    . . .     SeeInvis .   a - +0 mace
rCold    . . .     Gourm    .   (no shield)
rNeg     . . .     Faith    .   b - +0 animal skin
rPois    .         Spirit   .   (helmet restricted)
rElec    .         Reflect  .   (no cloak)
rCorr    .         Harm     .   (no gloves)
MR       .....                  (no boots)
Stlth    +.........             (no amulet)
HPRegen  0.13/turn              (no ring)
MPRegen  0.08/turn              (no ring)

@: no status effects
A: retaliatory headbutt, horns 2
a: Berserk, Trog's Hand, Renounce Religion


You were on level 2 of the Dungeon.
You worshipped Trog.
Trog was pleased with you.
You were not hungry.

You visited 1 branch of the dungeon, and saw 2 of its levels.

You collected 61 gold pieces.

Inventory:

Hand Weapons
 a - a +0 mace (weapon)
Armour
 b - a +0 animal skin (worn)
 j - a +0 shield
Scrolls
 d - 2 scrolls of remove curse {unknown}
 e - 2 scrolls of identify {unknown}
 h - a scroll of fog {unknown}
 l - a scroll of enchant armour {unknown}
 m - a scroll of teleportation {unknown}
Potions
 g - a potion of flight {unknown}
 i - a potion of curing {unknown}
 k - a potion of degeneration {unknown}
Comestibles
 c - 3 rations


   Skills:
 - Level 3.6 Fighting
 * Level 6.2 Maces & Flails
 - Level 2.4 Armour
 - Level 2.1 Dodging
 + Level 0.3 Stealth


You had 3 spell levels left.
You didn't know any spells.
Your spell library was empty.

Dungeon Overview and Level Annotations

Branches:
Dungeon (2/15)

Altars:


Innate Abilities, Weirdness & Mutations

You reflexively headbutt those who attack you in melee.
You have a pair of horns on your head.


Message History

The bat barely misses you. You furiously retaliate!
You headbutt the bat!
You kill the bat!
Trog accepts your kill.
The gnoll shouts!
The gnoll hits you.
The gnoll hits you from afar with a +0 halberd!
You hit the gnoll.
The gnoll is moderately wounded.
The leopard gecko hisses menacingly.
The gnoll hits you. The gnoll completely misses you.
You hit the gnoll.
The gnoll is moderately wounded.
The gnoll hits you. The gnoll misses you.
You sock the gnoll!
You kill the gnoll!
Trog accepts your kill. The gnoll hits you with a +0 halberd!
* * * LOW HITPOINT WARNING * * *
The gnoll hits you from afar with a +0 spear!
You die...

#. #.....##.# #.
#....(##.# #. #.....##.#
#.########.....##.#
######.................#
.(..............).......
........################
########.#....#
......lg@.....#
......g#.#.####
.......#.#.#
.......#.#.#
....g..#.#..
.......#.### .......#.#
##+#####.#


You could see 2 gnolls and a leopard gecko.

Vanquished Creatures
  A gnoll (D:2)
  3 adders (D:2)
  An adder zombie (D:1)
  2 worms (D:2)
  2 dart slugs (D:1)
  A leopard gecko (D:1)
  A giant cockroach (D:1)
  A goblin (D:1)
  7 hobgoblins
  8 jackals
  5 bats
  2 frilled lizards (D:2)
  3 kobolds (D:1)
  A quokka zombie (D:1)
  4 rats
42 creatures vanquished.

Notes
Turn   | Place    | Note
-------+----------+-------------------------------------------
     0 | D:1      | Mattoad the Minotaur Berserker began the quest for the Orb.
     0 | D:1      | Reached XP level 1. HP: 19/19 MP: 0/0
    23 | D:1      | Reached skill level 4 in Maces & Flails
    70 | D:1      | Reached XP level 2. HP: 25/26 MP: 1/1
   376 | D:1      | Reached skill level 5 in Maces & Flails
   431 | D:1      | Reached XP level 3. HP: 20/31 MP: 2/2
   974 | D:2      | Reached ** piety under Trog
  1542 | D:2      | Reached skill level 6 in Maces & Flails
  1542 | D:2      | Reached XP level 4. HP: 31/39 MP: 3/3
  1839 | D:2      | Slain by a gnoll

Levels and vault maps discovered:
D:1:      saegor_arrival_fortress, layout_loops_ring
D:2:      layout_basic, chequers_ecumenical_altar_simple_redux

Skill      XL: |  1  2  3 |
---------------+----------+-----
Maces & Flails | 4 5 6 |  6.2
Fighting       | |  3.6
Armour         | |  2.4
Dodging        | |  2.1
Stealth        | |  0.3

Action                   |  1- 3 |  4- 6 || total
-------------------------+-------+-------++-------
Melee: Mace              |    55 |    17 ||    72
       Headbutt          |    10 |     2 ||    12
Invok: Berserk           |     3 |     1 ||     4
 Stab: Sleeping          |     1 |       ||     1
  Eat: Chunk             |     2 |     1 ||     3
       Ration            |     1 |       ||     1
Armor: Animal skin       |    11 |     3 ||    14
Dodge: Dodged            |    50 |    14 ||    64

Table legend:
 A = Non-vault XP
 B = Vault XP
 C = Vault XP percentage of total XP
 D = Non-vault monster count
 E = Vault monster count
 F = Vault count percentage of total count
                 A         B        C        D         E       F
            +---------+---------+-------+---------+---------+-------
      Total |     126 |       6 |   4.5 |      40 |       2 |   4.8
            +---------+---------+-------+---------+---------+-------
        D:1 |      43 |       6 |  12.2 |      22 |       2 |   8.3
        D:2 |      83 |       0 |   0.0 |      18 |       0 |   0.0
            +---------+---------+-------+---------+---------+-------
